Map: Cerulean Fall LE

Players

Yocto

  • Race: Zerg Zerg
  • Spawn Location: 1:00

wolgast - Winner!

  • Race: Terran Terran
  • League: Gold
  • Spawn Location: 7:00

VOD

Have the link to the VOD?

Description

Time

  • Played on: Dec. 13, 2018, 8:51 a.m.
  • Length: 12:20
Show
View Real Time Build Order
Export as new Build Order

Yocto Zerg 

Build Orders: Hatch First, Muta Ling Bane 

Get SALT Encoding   

  12  0:01  Drone  
  13  0:16  Overlord  
  13  0:19  Drone  
  14  0:36  Drone x2  
  14  0:39  Drone  
  17  1:00  Hatchery  
  17  1:02  Drone  
  17  1:08  Extractor, Drone  
  17  1:23  Spawning Pool  
  17  1:24  Drone  
  17  1:29  Drone  
  18  1:39  Drone  
  19  1:46  Overlord  
  19  2:03  Drone  
  20  2:10  Queen  
  20  2:12  Metabolic Boost  
  22  2:17  Zergling x4  
  22  2:21  Queen  
  26  2:27  Drone  
  27  2:30  Drone  
  27  2:34  Drone  
  29  2:38  Overlord  
  29  2:47  Drone x2  
  31  2:54  Queen  
  33  3:02  Queen  
  35  3:07  Drone x2  
  35  3:09  Zergling x2  
  38  3:24  Zergling x6  
  38  3:25  Zergling x6  
  44  3:32  Baneling Nest  
  43  3:37  Overlord  
  43  3:54  Overlord  
  43  3:55  Queen x2  
  47  3:58  Spore Crawler  
  46  4:02  Spore Crawler  
  46  4:08  Zergling x4  
  46  4:09  Zergling x4  
  49  4:23  Overlord  
  49  4:33  Spore Crawler  
  49  4:34  Spore Crawler  
  49  4:38  Queen  
  47  4:39  Overlord  
  49  4:45  Queen  
  51  5:00  Baneling x2  
  51  5:01  Baneling x7  
  50  5:10  Zergling x10  
  50  5:11  Zergling x2  
  56  5:33  Lair  
  56  5:34  Overlord  
  56  5:35  Overlord x2  
  56  5:39  Drone  
  45  6:01  Zergling x2  
  45  6:02  Zergling x14  
  45  6:03  Zergling x2  
  51  6:21  Zergling x8  
  51  6:22  Zergling x4  
  57  6:32  Baneling x2  
  57  6:33  Baneling x2  
  57  6:37  Drone x4  
  61  6:42  Extractor  
  60  6:54  Baneling x4  
  60  6:57  Drone x3  
  60  6:58  Drone x2  
  65  7:15  Drone x3  
  68  7:18  Extractor  
  68  7:20  Extractor, Hatchery, Drone  
  68  7:21  Drone  
  67  7:35  Drone x3  
  70  7:38  Drone x4  
  74  7:52  Drone x3  
  77  8:04  Drone  
  77  8:05  Spire, Drone x2  
  80  8:08  Drone  
  80  8:21  Drone x4  
  84  8:30  Extractor  
  83  8:34  Extractor  
  83  8:37  Queen  
  83  8:39  Drone x5  
  83  8:40  Drone  
  90  8:47  Overlord  
  90  8:48  Overlord x3  
  90  8:52  Pneumatized Carapace  
  90  8:58  Centrifical Hooks  
  90  8:59  Overlord x2  
  90  9:00  Evolution Chamber  
  89  9:04  Drone  
  89  9:08  Drone x2  
  92  9:33  Mutalisk x5  
  92  9:34  Mutalisk x3  
  108  9:50  Zerg Melee Weapons Level 1  
  108  9:57  Overlord x2, Evolution Chamber  
  107  10:00  Zergling x14  
  107  10:01  Zergling x6  
  117  10:10  Drone  
  118  10:24  Hatchery  
  118  10:25  Drone x3  
  116  10:43  Corruptor x5  
  116  10:44  Corruptor x5  
  136  11:03  Corruptor x3  
  142  11:19  Drone x7  
  142  11:20  Drone x3  
  148  11:33  Baneling  
  148  11:34  Baneling x10  
  148  11:39  Zergling x8  
  152  11:43  Zergling x6  
  152  11:45  Baneling x6  
Show
View Real Time Build Order
Export as new Build Order

wolgast Terran - Winner!

Build Orders:  

Get SALT Encoding   

  12  0:03  SCV  
  13  0:15  SCV  
  13  0:20  Supply Depot  
  14  0:27  SCV  
  15  0:45  Barracks, SCV  
  16  0:52  Refinery  
  16  0:57  SCV  
  16  1:03  Refinery  
  17  1:09  Supply Depot  
  17  1:22  SCV  
  18  1:31  Supply Depot  
  18  1:34  Barracks Reactor  
  18  1:47  SCV  
  19  1:58  Factory  
  19  2:04  SCV  
  20  2:16  SCV  
  21  2:31  Marine x2  
  21  2:34  SCV  
  24  2:45  Factory Tech Lab  
  24  2:46  SCV  
  24  2:47  Starport  
  25  2:51  Marine x2  
  27  2:59  Orbital Command  
  27  3:05  Siege Tank  
  27  3:09  Marine x2  
  32  3:25  Medivac  
  34  3:27  Marine x2  
  36  3:34  Supply Depot  
  36  3:38  Siege Tank  
  39  3:56  Marine, Supply Depot, Medivac  
  42  4:20  Supply Depot  
  42  4:21  Siege Tank  
  42  4:22  Marine x2  
  47  4:44  Marine  
  47  4:45  Marine  
  49  4:50  Starport Tech Lab  
  49  4:53  Siege Tank  
  52  5:02  Marine x2  
  32  6:31  Fusion Core  
  32  6:42  Command Center  
  32  6:50  Marine x2  
  34  7:08  Marine x2  
  36  7:22  Supply Depot  
  36  7:25  Marine, Siege Tank  
  36  7:26  Marine  
  41  7:43  Marine x2  
  43  7:46  Supply Depot  
  43  7:52  Weapon Refit  
  43  7:55  Refinery  
  43  7:57  Siege Tank  
  46  8:01  Marine x2  
  46  8:03  SCV  
  49  8:08  Supply Depot  
  49  8:14  Refinery  
  49  8:15  SCV  
  49  8:19  Marine x2  
  52  8:27  SCV  
  52  8:29  Siege Tank  
  56  8:37  Marine x2  
  56  8:38  Battlecruiser  
  56  8:39  SCV  
  65  8:45  Starport  
  65  8:52  SCV  
  65  8:54  Marine  
  65  8:55  Marine  
  68  8:58  SCV  
  68  9:01  Siege Tank  
  72  9:04  SCV  
  73  9:10  SCV  
  73  9:12  Marine x2  
  73  9:16  SCV  
  77  9:24  Starport Tech Lab  
  77  9:28  SCV  
  78  9:33  Siege Tank  
  81  9:40  SCV  
  82  9:51  Battlecruiser  
  82  9:52  SCV  
  89  10:01  Starport  
  89  10:33  Command Center  
  83  11:27  Starport Tech Lab  
Tags
 
Composition
Muta Ling Bane
League
Gold
Matchup
TvZ
Replay Pack
Yocto
Spawn Locations
Cross Positions
Add a new tag
Caveats
  • Supply blocks, unpowered buildings, or Contaminate may cause inaccurate times.
  • Supply counts are checked every 10 seconds.